 Dungeon Sprint DCSS version 0.16.2-12-gd0ad4c3 (webtiles) character file.

832 musteatbrain the Cleaver (level 7, 0/66 HPs)
             Began as a Demonspawn Berserker on Oct 15, 2015.
             Was a Priest of Trog.
             Slain by a quasit (1 damage)
             ... summoned by a kobold demonologist
             ... in the Dungeon (Sprint I: "Red Sonja").
             The game lasted 00:03:15 (662 turns).

musteatbrain the Cleaver (Demonspawn Berserker)      Turns: 662, Time: 00:03:15

Health: 0/66       AC: -14   Str: 18      XL:     7   Next: 65%
Magic:  7/7        EV: 11    Int:  8      God:    Trog [***...]
Gold:   420        SH:  0    Dex:  8 (14) Spells: 0 memorised, 6 levels left

rFire  . . .     SeeInvis .     a - +0 hand axe
rCold  . . .     Clarity  .     b - +0 animal skin
rNeg   . . .     SustAb   .     (no shield)
rPois  .         Gourm    .     (no helmet)
rElec  .         Spirit   .     (no cloak)
rCorr  .         Warding  .     (no gloves)
rMut   .         NoTele   +     (no boots)
MR     .....                    (no amulet)
Stlth  +.........               (no ring)
                                (no ring)

@: corroded equipment, very slightly contaminated, hasted, very quick, not
resistant to hostile enchantments, very unstealthy
A: talons 1, icy blue scales 2, powered by pain 1
a: Burn Spellbooks, Berserk, Trog's Hand, Renounce Religion


You were in the Dungeon.
You worshipped Trog.
Trog was most pleased with you.
You were hungry.

You visited 1 branch You collected 420 gold pieces.

Inventory:

Hand weapons
 a - a +0 hand axe (weapon)
Armour
 b - a +0 animal skin (worn)
Scrolls
 i - a scroll of blinking
 k - a scroll of holy word {unknown}
Potions
 g - 2 potions of magic
 h - a potion of berserk rage
 j - a potion of cure mutation {unknown}


   Skills:
 + Level 10.2 Fighting
 * Level 12.6 Axes
 - Level 1.7 Armour
 - Level 1.7 Dodging


You had 6 spell levels left.
You didn't know any spells.

Dungeon Overview and Level Annotations

Branches:
Dungeon (1/1)

Altars:
Cheibriados
Dithmenos
Elyvilon
Fedhas
Gozag
Kikubaaqudgha
Makhleb
Nemelex Xobeh
Okawaru
Qazlal
Ru
Sif Muna
Trog
Vehumet
Xom
Yredelemnul
Zin
The Shining One
Jiyva

Shops:
D (


Innate Abilities, Weirdness & Mutations

You have sharp toenails.
You are mostly covered in icy blue scales (AC +3, EV -1).
You sometimes gain a little power by taking damage.


Message History

* * * LOW HITPOINT WARNING * * *
You are very lightly contaminated with residual magic.
You hit the kobold demonologist.
The kobold demonologist is severely wounded.
You hit the shadow imp but do no damage.
The shadow imp is lightly wounded.
You hit the rust devil but do no damage.
The rust devil is lightly wounded.
You hit the quasit but do no damage.
The quasit is lightly wounded.
The shadow imp hits you.
* * * LOW HITPOINT WARNING * * *
The quasit bites you.
* * * LOW HITPOINT WARNING * * *
You feel clumsy. The quasit claws you.
* * * LOW HITPOINT WARNING * * *
You feel clumsy. The quasit claws you.
You die...

#####################
.').#..'..#__#55@K..#
.#..').#..'..'.4#5..#
###'#####'#__####...+
##..#...#.####§%#####
_####..##.#§§§§c#
..__##'#..§§≈§§.+
.∩...'...§#§≈§§c#
..._##_.#'##+###
____###+#.#


You could see a rust devil, a kobold demonologist, a quasit, a crimson imp and a
shadow imp.

Vanquished Creatures
  A kobold demonologist (D)
  A slime creature (D)
  A yak (D)
  An ogre (D)
  Sigmund (D)
  A jelly (D)
  Ijyb (D)
  A giant eyeball (D)
8 creatures vanquished.

Notes
Turn   | Place    | Note
--------------------------------------------------------------
     0 | D        | musteatbrain, the Demonspawn Berserker, began the quest for the Orb.
     0 | D        | Reached XP level 1. HP: 18/18 MP: 1/1
     1 | D        | Noticed Ijyb
     6 | D        | Killed Ijyb
     6 | D        | Reached skill level 4 in Fighting
     6 | D        | Gained mutation: You sometimes gain a little power by taking damage. [demonic ancestry]
     6 | D        | Reached XP level 2. HP: 25/25 MP: 2/2
    44 | D        | Noticed an ogre
    53 | D        | Killed an ogre
    53 | D        | Reached skill level 6 in Fighting
    53 | D        | Reached skill level 7 in Axes
    53 | D        | Reached XP level 3. HP: 17/34 MP: 3/3
    53 | D        | Gained mutation: You are partially covered in icy blue scales (AC +1). [demonic ancestry]
    53 | D        | Reached XP level 4. HP: 20/40 MP: 4/4
   250 | D        | Noticed Sigmund
   259 | D        | Killed Sigmund
   259 | D        | Acquired Trog's second power
   259 | D        | Reached skill level 8 in Axes
   259 | D        | Gained mutation: You have sharp toenails. [demonic ancestry]
   259 | D        | Reached XP level 5. HP: 48/48 MP: 5/5
   317 | D        | Found a deep blue altar of Sif Muna.
   319 | D        | Noticed a jelly
   320 | D        | Found a radiant altar of Vehumet.
   324 | D        | Killed a jelly
   324 | D        | Reached skill level 9 in Axes
   366 | D        | Found Rubu's Antique Weapon Emporium.
   366 | D        | Found a white marble altar of Elyvilon.
   366 | D        | Found a stormy altar of Qazlal.
   366 | D        | Found a burning altar of Makhleb.
   366 | D        | Found a sacrificial altar of Ru.
   366 | D        | Found a basalt altar of Yredelemnul.
   366 | D        | Found a glowing golden altar of the Shining One.
   366 | D        | Found a sparkling altar of Nemelex Xobeh.
   366 | D        | Found a shimmering altar of Xom.
   366 | D        | Found an opulent altar of Gozag.
   366 | D        | Found an ancient bone altar of Kikubaaqudgha.
   366 | D        | Found a glowing silver altar of Zin.
   366 | D        | Noticed a yak
   374 | D        | Killed a yak
   374 | D        | Reached skill level 10 in Axes
   374 | D        | Gained mutation: You are mostly covered in icy blue scales (AC +3, EV -1). [demonic ancestry]
   374 | D        | Reached XP level 6. HP: 38/57 MP: 6/6
   411 | D        | Found an iron altar of Okawaru.
   545 | D        | Found a bloodstained altar of Trog.
   567 | D        | Noticed a centaur warrior
   568 | D        | Noticed a centaur warrior
   581 | D        | Found a snail-covered altar of Cheibriados.
   581 | D        | Found a viscous altar of Jiyva.
   581 | D        | Found a shadowy altar of Dithmenos.
   581 | D        | Found a blossoming altar of Fedhas.
   581 | D        | Noticed a slime creature
   587 | D        | Killed a slime creature
   587 | D        | Reached skill level 11 in Axes
   587 | D        | Reached XP level 7. HP: 64/64 MP: 7/7
   625 | D        | Noticed a kobold demonologist
   626 | D        | Noticed a kobold demonologist
   634 | D        | Noticed a rust devil
   638 | D        | Noticed a blue devil
   644 | D        | Noticed a soul eater
   648 | D        | Noticed a rust devil
   651 | D        | Killed a kobold demonologist
   651 | D        | Reached skill level 10 in Fighting
   651 | D        | Reached skill level 12 in Axes
   662 | D        | HP: 2/66 [quasit[a kobold demonologist] (3)]
   662 | D        | Slain by a quasit

Action                   |  1- 3 |  4- 6 |  7- 9 || total
-------------------------+-------+-------+-------++-------
Melee: Hand axe          |    11 |    20 |    33 ||    64
Invok: Berserk           |     2 |     4 |       ||     6
  Use: Potion            |       |       |     3 ||     3
  Eat: Bread ration      |       |     1 |       ||     1
